 Dungeon Crawl Stone Soup version 0.29-a0-214-g17f627cfee (webtiles) character file.

Game seed: 7794474806775935975

4 spaghetti the Digger (level 1, 0/15 HPs)
             Began as a Naga Earth Elementalist on Feb 24, 2022.
             Slain by a quokka (2 damage)
             ... on level 1 of the Dungeon.
             The game lasted 00:00:14 (29 turns).

spaghetti the Digger (Naga Earth Elementalist)        Turns: 29, Time: 00:00:15

Health: 0/15       AC:  1    Str: 10    XL:     1   Next: 60%
Magic:  0/3        EV:  9    Int: 15    God:
Gold:   0          SH:  0    Dex: 11    Spells: 3/4 levels left

rFire   . . .      SeeInvis +   (no weapon)
rCold   . . .      Faith    .   (no shield)
rNeg    . . .      Spirit   .   b - +0 robe
rPois   +          Reflect  .   (no helmet)
rElec   .          Harm     .   (no cloak)
rCorr   .          Rampage  .   (no gloves)
Will    .....                   (no barding)
Stlth   ++........              (no amulet)
HPRegen 0.05/turn               (no ring)
MPRegen 0.08/turn               (no ring)

@: short of breath, very slow
A: AC +0, large, see invisible, deformed body, poison resistance, slowness 2,
spit poison 1, naga tail 1
a: Spit Poison


You were on level 1 of the Dungeon.
You visited 1 branch of the dungeon, and saw 1 of its levels.


Innate Abilities, Weirdness & Mutations

Your serpentine skin is tough. (AC +0)
You have supernaturally acute eyesight. (SInv)
Armour fits poorly on your strangely shaped body.
Your system is resistant to poisons. (rPois)
You cover ground very slowly.
You can spit poison.
You have a snake-like lower body.


   Skills:
 - Level 1.5 Dodging
 - Level 3.0 Stealth
 - Level 2.0 Spellcasting
 - Level 1.0 Transmutations
 + Level 3.3 Earth Magic


You had 3 spell levels left.
You knew the following spells:

 Your Spells              Type           Power      Damage    Failure   Level
a - Sandblast             Erth           22%        2d7       6%          1

Your spell library contained the following spells:

 Spells                   Type           Power      Damage    Failure   Level
 Passwall                 Tmut/Erth      5%         N/A       14%         2
 Stone Arrow              Conj/Erth      12%        3d7       34%         3
 Petrify                  Tmut/Erth      7%         N/A       67%         4

Inventory:

Missiles
 a - 26 stones {throwing}
Armour
 b - a +0 robe (worn)

Dungeon Overview and Level Annotations

Branches:
Dungeon (1/15)

Altars:

........
##.#....K.#
....[.....##
.. ....... ..
.....# #.
#...# #. #††.#
#.####J..#
#.@rrhhK.#
######g..#
#...####
#......#
#...#..#######
#.....8.≈≈≈≈≈≈
####.#.≈≈≈....
#.#.≈≈..≈≈≈
#.#.≈..≈≈≈≈


You could see an endoplasm, a quokka (poisoned), 2 jackals, a hobgoblin, a
kobold and a rat.


Message History

Aim: a rat (79% to hit)
The blast of sand hits the rat!
You kill the rat!
The jackal barks!
An endoplasm comes into view.
A jackal comes into view. 😎 MP[-1]
You lost 1 mp, and now have 2/3 mp.
Aiming: Sandblast (safe; 6% risk of failure)
Press: ? - help, Q - select action, (/) - cycle Shift-Dir - straight line, f - you That would be overly suicidal.
Okay, then.
Aiming: Sandblast (safe; 6% risk of failure)
Press: ? - help, Q - select action, (/) - cycle Shift-Dir - straight line, f - you That would be overly suicidal.
Okay, then.
Unknown command.
Unknown command.
The jackal barely misses you. The jackal closely misses you.
A quokka comes into view.
The jackal bites you but does no damage.
A rat comes into view.
The jackal bites you. 😕 HP[-1]
You take 1 damage, and now have 14/15 hp.
Aiming: Sandblast (safe; 6% risk of failure)
Press: ? - help, Q - select action, (/) - cycle Shift-Dir - straight line, f - jackal
Aim: a jackal (74% to hit)
The blast of sand hits the jackal.
You kill the jackal!
The jackal barks!
The jackal bites you but does no damage.
A jackal comes into view.
The jackal bites you.
The quokka twitches its whiskers. 😕 HP[-2] MP[-1]
You take 2 damage, and now have 12/15 hp.
You lost 1 mp, and now have 1/3 mp.
Aiming: Sandblast (safe; 6% risk of failure)
Press: ? - help, Q - select action, (/) - cycle Shift-Dir - straight line, f - rat
Aim: a rat (79% to hit)
The blast of sand hits the rat.
You kill the rat!
The jackal barks!
You hear a shout!
The jackal bites you.
The hobgoblin hits you but does no damage. 😮 HP[-3] MP[-1]
You take 3 damage, and now have 9/15 hp.
You lost 1 mp, and now have 0/3 mp.
You don't have enough magic to cast this spell.
Unknown command.
You don't have enough magic to cast this spell.
Unknown command.
The hobgoblin hits you. 😮 HP[-1]
You take 1 damage, and now have 8/15 hp.
The jackal closely misses you. x2; The jackal bites you.
* * * LOW HITPOINT WARNING * * *
😨 HP[-2]
You take 2 damage, and now have 6/15 hp.
The jackal bites you.
* * * LOW HITPOINT WARNING * * *
The jackal barely misses you.
A kobold comes into view. It is wielding a +0 club.
The jackal barely misses you. 😨 HP[-1]
You take 1 damage, and now have 5/15 hp.
The jackal barely misses you. 😨 MP[+1]
Aiming: Spit Poison (3% risk of failure)
Press: ? - help, Shift-Dir - straight line, f - jackal
Aim: a jackal (43% to hit)
The splash of poison hits the jackal!
The jackal is poisoned.
You kill the jackal!
You barely miss the quokka. The quokka barely misses you.
Aiming: Sandblast (safe; 6% risk of failure)
Press: ? - help, Q - select action, (/) - cycle Shift-Dir - straight line, f - quokka
Aim: a quokka (71% to hit)
The blast of sand hits the quokka.
The quokka barely misses you. The quokka closely misses you. 😨 MP[-1]
You lost 1 mp, and now have 0/3 mp.
You don't have enough magic to cast this spell.
Unknown command.
You miss the quokka. The quokka bites you.
* * * LOW HITPOINT WARNING * * *
😨 HP[-1]
You take 1 damage, and now have 4/15 hp.
You hit the quokka but do no damage.
You have got your breath back.
The quokka bites you.
* * * LOW HITPOINT WARNING * * *
😱 HP[-3]
You take 3 damage, and now have 1/15 hp.
Aiming: Spit Poison (3% risk of failure)
Press: ? - help, Shift-Dir - straight line, f/p - quokka
Aim: a quokka (38% to hit)
The splash of poison hits the quokka.
The quokka is poisoned.
The quokka bites you.
You die...

Action                   || total
-------------------------++-------
Melee: Unarmed           ||     3
 Cast: Sandblast         ||     4
 Abil: Spit Poison       ||     2
Armor: Robe              ||     3
Dodge: Dodged            ||    10

Levels and vault maps discovered:
D:1:      psy_arrival_whirlpool, layout_basic

Notes
Turn   | Place    | Note
-------+----------+-------------------------------------------
     0 | D:1      | spaghetti the Naga Earth Elementalist began the quest for
                  | the Orb.
     0 | D:1      | Reached XP level 1. HP: 15/15 MP: 3/3
     0 | D:1      | magus.rc [v1.9.6]
    28 | D:1      | HP: 1/15 [quokka (3)]
    29 | D:1      | Slain by a quokka

Vanquished Creatures
  2 jackals (D:1)
  2 rats (D:1)
4 creatures vanquished.

Table legend:
 A = Non-vault XP
 B = Vault XP
 C = Vault XP percentage of total XP
 D = Non-vault monster count
 E = Vault monster count
 F = Vault count percentage of total count
                 A         B        C        D         E       F
            +---------+---------+-------+---------+---------+-------
      Total |       6 |       0 |   0.0 |       4 |       0 |   0.0
            +---------+---------+-------+---------+---------+-------
        D:1 |       6 |       0 |   0.0 |       4 |       0 |   0.0
            +---------+---------+-------+---------+---------+-------

Illustrated notes

Table legend:
 A = Kills in this place as a percentage of kills in entire the game.
 B = Kills by you in this place as a percentage of kills by you in the entire game.
 C = Kills by friends in this place as a percentage of kills by friends in the entire game.
 D = Other kills in this place as a percentage of other kills in the entire game.
 E = Experience gained in this place as a percentage of experience gained in the entire game.
 F = Experience gained in this place divided by the number of levels of this place that you have seen.
                   A       B       C       D       E      F
               +-------+-------+-------+-------+-------+----------------------
         Total | 100.0 | 100.0 |   N/A |   N/A | 100.0 |   6.0
       Dungeon | 100.0 | 100.0 |   N/A |   N/A | 100.0 |   6.0
               +-------+-------+-------+-------+-------+----------------------

Table legend: (Time is in decaauts)
 A = Elapsed time spent in this place.
 B = Non-inter-level travel time spent in this place.
 C = Inter-level travel time spent in this place.
 D = Time resting spent in this place.
 E = Time spent auto-exploring this place.
 F = Levels seen in this place.
 G = Mean time per level.
                   A        B        C        D        E       F      G
               +--------+--------+--------+--------+--------+-----+--------+
         Total |     39 |     39 |      0 |      0 |     17 |   1 |   39.0 |
       Dungeon |     39 |     39 |      0 |      0 |     17 |   1 |   39.0 |
               +--------+--------+--------+--------+--------+-----+--------+

Top non-repeatable levels by time:
     D:1: 39 daAuts
